 Dungeon Crawl Stone Soup version 0.28-a0-667-g162e43154e (webtiles) character file.

Game seed: 11650133726310810794

191 skelma the Ruffian (level 5, 0/49 HPs)
             Began as a Troll Transmuter on Oct 17, 2021.
             Slain by Sigmund (6 damage)
             ... on level 3 of the Dungeon.
             The game lasted 00:04:00 (1757 turns).

skelma the Ruffian (Troll Transmuter)               Turns: 1757, Time: 00:04:01

Health: 0/49       AC:  4    Str: 19    XL:     5   Next: 41%
Magic:  5/5        EV: 10    Int:  9    God:
Gold:   38         SH:  0    Dex: 10    Spells: 3/6 levels left

rFire   . . .      SeeInvis .     - Unarmed
rCold   . . .      Faith    .   (no shield)
rNeg    . . .      Spirit   .   a - +0 robe
rPois   .          Reflect  .   (helmet restricted)
rElec   .          Harm     .   (no cloak)
rCorr   .          Rampage  .   (gloves unavailable)
Will    .....                   (boots unavailable)
Stlth   +.........              (no amulet)
HPRegen 1.16/turn               (no ring)
MPRegen 0.09/turn               (no ring)

@: no status effects
A: large, unfitting armour, claws 3, regeneration 1, shaggy fur 1, tough skin 1
a: no special abilities


You were on level 3 of the Dungeon.
You visited 1 branch of the dungeon, and saw 3 of its levels.

You collected 38 gold pieces.

Inventory:

Armour
 a - a +0 robe (worn)
Wands
 k - a wand of digging (5)
Scrolls
 b - a scroll of teleportation {unknown}
 e - a scroll of torment {unknown}
 g - a scroll of holy word {unknown}
 i - a scroll of brand weapon {unknown}
 l - a scroll of identify {unknown}


   Skills:
 + Level 1.8 Fighting
 + Level 2.3 Dodging
 * Level 4.3 Unarmed Combat
 - Level 1.2 Spellcasting
 * Level 2.6 Transmutations


You had 3 spell levels left.
You knew the following spells:

 Your Spells              Type           Power      Damage    Failure   Level
a - Beastly Appendage     Tmut           10%        N/A       12%         1
b - Wereblood             Tmut           5%         N/A       19%         2

Your spell library contained the following spells:

 Spells                   Type           Power      Damage    Failure   Level
 Magic Dart               Conj           0%         1d3       36%         1
 Call Imp                 Summ           0%         N/A       50%         2
 Spider Form              Tmut/Pois      1%         N/A       54%         3
 Mephitic Cloud           Conj/Pois/Air  0%         N/A       73%         3
 Ice Form                 Ice/Tmut       2%         N/A       91%         4


Dungeon Overview and Level Annotations

Branches:
Dungeon (3/15)

Altars:

Shops:
D:2 [=:[:   D:3 *

Annotations:
D:3 Sigmund


Innate Abilities, Weirdness & Mutations

You are too large for most types of armour.
You have claws for hands.
Your natural rate of healing is unusually fast.
You are covered in fur. (AC +1)
You have tough skin. (AC +1)


Message History

Your +0 robe melds into your body.
Your roots penetrate the ground.
Sigmund hits you but does no damage.
It was a potion of cancellation.
Your magical effects are unravelling.
You feel magically purged.
You feel less wooden.
Your +0 robe unmelds from your body.
You feel less confused.
You feel a little less mighty now. Sigmund barely misses you.
It was a potion of curing.
You feel better.
Casting: Beastly Appendage (safe; 12% risk of failure)
Confirm with . or Enter, or press ? or * to list all spells.
You grow a pair of large bovine horns.
Your feet morph into talons.
Sigmund casts a spell.
Sigmund flickers and vanishes!
Deactivating autopickup; reactivate with Ctrl-A.
You hear some strange, mumbled words.
Something tries to affect you, but you resist.
You miss something. Something hits you!
You miss something. Your kick misses something.
Your transformation is almost over.
You claw something! Something hits you!
You closely miss something. Your kick misses something. Something hits you!
You miss something. You headbutt something! You scratch something.
You claw something. Something hits you!
* * * LOW HITPOINT WARNING * * *
You miss something. Something hits you.
* * * LOW HITPOINT WARNING * * *
You scratch something. You claw something. You miss something.
You hear some strange, mumbled words.
Something tries to affect you, but you resist.
You scratch something. You claw something. You headbutt something.
Your horns disappear.
Your talons disappear.
Something hits you!
* * * LOW HITPOINT WARNING * * *
You scratch something. You closely miss something.
Something hits you but does no damage.
You closely miss something. Something hits you.
You die...

########## #.#### ##
..........######.(... ..
......# #........#####..
.......####...##..##...#
............#..##.##..#
........######.##.....#
......#@(......)...#..#
.#... #{#######.......##
##. ..# ##.#...#... ..
#### ##....#>.### ..
########...####..## .
.............###...
#######.####....##. #..#
####.... ########
####..# ########.


There were no monsters in sight!

Vanquished Creatures
  A water moccasin skeleton (D:3)
  Ijyb (D:3)
  4 adders
  2 dart slugs (D:1)
  8 orcs (D:3)
  7 endoplasms
  4 giant cockroaches
  8 goblins
  4 hobgoblins
  3 kobolds
  3 quokkas
  7 ball pythons
  6 bats
  2 frilled lizards
  10 rats
70 creatures vanquished.

Notes
Turn   | Place    | Note
-------+----------+-------------------------------------------
     0 | D:1      | skelma the Troll Transmuter began the quest for the Orb.
     0 | D:1      | Reached XP level 1. HP: 18/18 MP: 1/1
    63 | D:1      | Reached skill level 1 in Fighting
    63 | D:1      | Reached XP level 2. HP: 18/27 MP: 0/2
   407 | D:1      | Reached XP level 3. HP: 31/33 MP: 1/3
   679 | D:2      | Found Ofotwi's Book Emporium.
   683 | D:2      | Learned a level 2 spell: Wereblood
   684 | D:2      | Found Muxtakhly's Antique Armour Boutique.
   861 | D:2      | Found Weil's Book Emporium.
   871 | D:2      | Found Hoegetu's Jewellery Shoppe.
   879 | D:2      | Found Julaoz's Antique Armour Shoppe.
  1125 | D:2      | Reached XP level 4. HP: 41/41 MP: 2/4
  1278 | D:3      | Found Leudeq's Assorted Antiques.
  1327 | D:3      | Noticed Ijyb
  1343 | D:3      | Killed Ijyb
  1383 | D:3      | Reached skill level 4 in Unarmed Combat
  1383 | D:3      | Reached XP level 5. HP: 46/49 MP: 3/5
  1737 | D:3      | Noticed Sigmund
  1757 | D:3      | Slain by Sigmund

Illustrated notes

Levels and vault maps discovered:
D:1:      evilmike_arrival_home_sweet_home, layout_rooms, minmay_tromino_v7
D:2:      layout_basic, serial_shops, nicolae_shop_stone, shop_statue,
          nicolae_shop_waterfront, shop, shop, feat_on_display
D:3:      layout_rooms, serial_shops, nicolae_shop_window_shopping,
          kennysheep_decorative_pillar, uniq_ijyb, uniq_sigmund

Skill      XL: |  1  2  3  4 |
---------------+-------------+-----
Fighting       | 1 |  1.8
Transmutations | 2 |  2.6
Dodging        | 2 |  2.3
Unarmed Combat | 4 |  4.3
Spellcasting   | |  1.2

Action                   |  1- 3 |  4- 6 || total
-------------------------+-------+-------++-------
Melee: Unarmed           |    82 |    73 ||   155
       Kick              |    11 |    13 ||    24
       Headbutt          |     6 |     7 ||    13
       Punch             |       |     1 ||     1
 Cast: Beastly Appendage |    19 |    14 ||    33
       Wereblood         |       |     1 ||     1
  Use: Potion            |       |     5 ||     5
Armor: Robe              |    27 |    17 ||    44
       Skin              |       |     1 ||     1
Dodge: Dodged            |    46 |    19 ||    65

Table legend: (Time is in decaauts)
 A = Elapsed time spent in this place.
 B = Non-inter-level travel time spent in this place.
 C = Inter-level travel time spent in this place.
 D = Time resting spent in this place.
 E = Time spent auto-exploring this place.
 F = Levels seen in this place.
 G = Mean time per level.
                   A        B        C        D        E       F      G
               +--------+--------+--------+--------+--------+-----+--------+
         Total |   1745 |   1697 |     48 |    116 |   1205 |   3 |  581.7 |
       Dungeon |   1745 |   1697 |     48 |    116 |   1205 |   3 |  581.7 |
               +--------+--------+--------+--------+--------+-----+--------+

Top non-repeatable levels by time:
     D:2: 651 daAuts
     D:1: 621 daAuts
     D:3: 473 daAuts
